 Dungeon Crawl Stone Soup version 0.26-a0-651-gb41185065b (webtiles) character file.

Game seed: 6155074791641086008

126 Lanoc the Chucker (level 5, 0/41 HPs)
             Began as a Merfolk Hunter on Oct 4, 2020.
             Slain by an orc wizard
             ... wielding a +0 dagger
              (2 damage)
             ... on level 3 of the Dungeon.
             The game lasted 00:02:20 (1653 turns).

Lanoc the Chucker (Merfolk Hunter)                  Turns: 1653, Time: 00:02:20

Health: 0/41       AC:  3    Str: 12    XL:     5   Next: 9%
Magic:  5/5        EV: 11    Int: 10    God:
Gold:   100        SH:  8    Dex: 16    Spells: 4/4 levels left

rFire    . . .     SeeInvis .   j - +0 trident
rCold    . . .     Faith    .   h - +0 kite shield (curse)
rNeg     . . .     Spirit   .   b - +0 leather armour
rPois    .         Reflect  .   (no helmet)
rElec    .         Harm     .   (no cloak)
rCorr    .         Rampage  .   (no gloves)
MR       .....                  (no boots)
Stlth    ++........             (no amulet)
HPRegen  0.13/turn              (no ring)
MPRegen  0.09/turn              (no ring)

@: no status effects
A: change form in water, swift swim, stealthy swim
a: no special abilities


You were on level 3 of the Dungeon.
You visited 1 branch of the dungeon, and saw 3 of its levels.

You collected 100 gold pieces.

Inventory:

Hand Weapons
 j - a +0 trident (weapon)
Missiles
 d - 2 throwing nets
 k - 2 curare-tipped darts (quivered)
Armour
 b - a +0 leather armour (worn)
 h - a cursed +0 kite shield (worn)
Scrolls
 e - a scroll of blinking {unknown}
 f - 2 scrolls of remove curse {unknown}
 g - a scroll of identify {unknown}
 i - a scroll of amnesia {unknown}
Potions
 c - 3 potions of stabbing {unknown}
 l - a potion of heal wounds {unknown}


   Skills:
 + Level 3.2 Fighting
 + Level 1.7 Polearms
 + Level 4.5 Throwing
 + Level 4.0 Dodging
 - Level 1.1 Stealth
 + Level 1.7 Shields


You had 4 spell levels left.
You didn't know any spells.
Your spell library was empty.

Dungeon Overview and Level Annotations

Branches:
Dungeon (3/15)

Altars:
Cheibriados


Message History

Aim: an orc, wielding a +0 flail and wearing a +0 leather armour (lightly wounded)
You throw a curare-tipped dart.
The curare-tipped dart hits the orc priest.
The orc priest is poisoned.
The orc priest convulses.
You kill the orc priest!
Your Dodging skill increases to level 4!
You have reached level 5!
You feel agile. The bat hits you but does no damage.
The orc wizard barely misses you.
Your shield and leather armour prevent you from hitting the orc.
The orc is lightly wounded.
The orc wizard hits you but does no damage.
You block the orc's attack.
You barely miss the orc.
The orc is lightly wounded.
You block the bat's attack. The orc wizard barely misses you.
The orc hits you with a +0 flail!
* * * LOW HITPOINT WARNING * * *
The orc wizard hits you with a +0 dagger.
You die...

##. .)( #...... #.....
#(.... #....#+# #.#..
..... #(..(..#
#.#........ #.(#b#.#
#.#........ #.o@o#.#
#.#.##..... #####..###.#
#.#.##.^... #..........#
#.#.##.....
#..........###.#.##.....
#.....†...>......÷......
#####....#.###.####.....
######.# #.......... #.#
######..... #.#
#.....#.#


You could see an orc wizard, an orc and a bat.

Vanquished Creatures
  An orc priest (D:3)
  Terence (D:3)
  2 adders (D:3)
  An ooze (D:1)
  2 dart slugs (D:3)
  A leopard gecko (D:1)
  6 orcs (D:3)
  A goblin (D:1)
  2 hobgoblins
  9 jackals
  3 kobolds
  3 bats
  A frilled lizard (D:3)
  4 rats
37 creatures vanquished.

Notes
Turn   | Place    | Note
-------+----------+-------------------------------------------
     0 | D:1      | Lanoc the Merfolk Hunter began the quest for the Orb.
     0 | D:1      | Reached XP level 1. HP: 16/16 MP: 1/1
   242 | D:1      | Reached XP level 2. HP: 23/23 MP: 2/2
   349 | D:1      | Reached XP level 3. HP: 11/28 MP: 3/3
   635 | D:3      | Noticed Terence
   641 | D:3      | Killed Terence
   641 | D:3      | Reached skill level 1 in Shields
   766 | D:3      | Found a snail-covered altar of Cheibriados.
   813 | D:3      | Reached XP level 4. HP: 29/34 MP: 4/4
  1036 | D:3      | Reached skill level 1 in Polearms
  1651 | D:3      | Reached XP level 5. HP: 10/41 MP: 5/5
  1653 | D:3      | HP: 2/41 [orc/+0 flail (8)]
  1653 | D:3      | Slain by an orc wizard

Illustrated notes

Levels and vault maps discovered:
D:1:      scummos_arrival_checkerplants, layout_basic, minmay_misc_feat_plants
D:2:      layout_loops_ring, chequers_serial_rivers_micro_d,
          minmay_misc_feat_enclosed, corexii_shack,
          hangedman_abyss_or_decor_lesser_grid, uniq_sigmund, uniq_jessica
D:3:      kennysheep_goblin_castle, layout_basic, kennysheep_slug_shrine,
          uniq_terence

Skill      XL: |  1  2  3  4 |
---------------+-------------+-----
Dodging        | 3 4 |  4.0
Shields        | 1 |  1.7
Fighting       | 3 |  3.2
Polearms       | 1 |  1.7
Throwing       | |  4.5
Stealth        | |  1.1

Action                   |  1- 3 |  4- 6 || total
-------------------------+-------+-------++-------
Melee: Short sword       |    29 |       ||    29
       Trident           |    12 |    50 ||    62
Throw: Javelin           |    16 |     8 ||    24
       Dart              |       |     1 ||     1
 Stab: Sleeping          |     1 |       ||     1
Armor: Leather armour    |    13 |    12 ||    25
Dodge: Dodged            |    25 |    27 ||    52
Block: Kite shield       |    14 |    22 ||    36

Table legend: (Time is in decaauts)
 A = Elapsed time spent in this place.
 B = Non-inter-level travel time spent in this place.
 C = Inter-level travel time spent in this place.
 D = Time resting spent in this place.
 E = Time spent auto-exploring this place.
 F = Levels seen in this place.
 G = Mean time per level.
                   A        B        C        D        E       F      G
               +--------+--------+--------+--------+--------+-----+--------+
         Total |   1684 |   1683 |      1 |      0 |   1388 |   3 |  561.3 |
       Dungeon |   1684 |   1683 |      1 |      0 |   1388 |   3 |  561.3 |
               +--------+--------+--------+--------+--------+-----+--------+

Top non-repeatable levels by time:
     D:3: 1041 daAuts
     D:1: 605 daAuts
     D:2: 37 daAuts
